| TOP OF THE 1ST |
|
Oklahoma City 89ers batting - Pitching for Iowa Oaks : RHP Ron G Davis
|
|
Pitching: RHP Ron G Davis
|
|
|
Batting: RHB David Green
|
0-0: Foul Ball, location: 2F 0-1: Swinging Strike 0-2: Foul Ball, location: 2F 0-2: Foul Ball, location: 2F 0-2: Strikes out looking
|
|
Batting: RHB Ryan Ricard
|
0-0: Called Strike 0-1: Called Strike 0-2: Foul Ball, location: 2F 0-2: SINGLE (Groundball, 6D, EV 106.9 MPH)
|
|
Batting: LHB Joe Ward
|
0-0: Ball 1-0: Called Strike 1-1: Foul Ball, location: 2F 1-2: Fielders Choice at 2nd, 3-6 (Groundball, 3, EV 88.1 MPH)
|
|
Batting: RHB Dave Valle
|
0-0: Foul Ball, location: 2F 0-1: Fielders Choice at 2nd, U4 (Groundball, 4M, EV 84.4 MPH)
|
| Top of the 1st over - 0 runs, 1 hit, 0 errors, 1 left on base; Oklahoma City 0 - Iowa 0 |
| BOTTOM OF THE 1ST |
|
Iowa Oaks batting - Pitching for Oklahoma City 89ers : LHP Jesus Rios
|
|
Pitching: LHP Jesus Rios
|
|
|
Batting: SHB Chico Walker
|
0-0: Ball 1-0: Called Strike 1-1: Swinging Strike 1-2: Strikes out swinging
|
|
Batting: RHB Mark Benson
|
0-0: Ball 1-0: Called Strike 1-1: Ground out 6-3 (Groundball, 6, EV 78.8 MPH)
|
|
Batting: RHB Nick Pagan
|
0-0: Swinging Strike 0-1: Foul Ball, location: 2F 0-2: Ball 1-2: Foul Ball, location: 2F 1-2: Ball 2-2: Ball 3-2: Foul Ball, location: 2F 3-2: Strikes out swinging
|
| Bottom of the 1st over - 0 runs, 0 hits, 0 errors, 0 left on base; Oklahoma City 0 - Iowa 0 |
| TOP OF THE 2ND |
|
Oklahoma City 89ers batting - Pitching for Iowa Oaks : RHP Ron G Davis
|
|
Batting: LHB Tom O'Malley
|
0-0: Called Strike 0-1: Ball 1-1: SINGLE (Groundball, 6MD, EV 99.4 MPH)
|
|
Batting: RHB Barry Bonnell
|
0-0: Fielders Choice at 2nd, 6-4 (Groundball, 6M, EV 87.5 MPH)
|
|
Batting: RHB Nick Esasky
|
0-0: Ball 1-0: Ball 2-0: Ball 3-0: Called Strike 3-1: Called Strike 3-2: Foul Ball, location: 2F 3-2: Strikes out looking
|
|
Batting: RHB Ron Tingley
|
0-0: Called Strike 0-1: Ball 1-1: Ball 2-1: Ball 3-1: Fly out, F8 (Flyball, 8RM, EV 83.1 MPH)
|
| Top of the 2nd over - 0 runs, 1 hit, 0 errors, 1 left on base; Oklahoma City 0 - Iowa 0 |
| BOTTOM OF THE 2ND |
|
Iowa Oaks batting - Pitching for Oklahoma City 89ers : LHP Jesus Rios
|
|
Batting: SHB Mike Turgeon
|
0-0: Ball 1-0: Called Strike 1-1: Foul Ball, location: 2F 1-2: Strikes out swinging
|
|
Batting: RHB Ronald Evans
|
0-0: Fly out, F9 (Flyball, 89M, EV 84.4 MPH)
|
|
Batting: RHB Edgar Flores
|
0-0: Ball 1-0: Foul Ball, location: 2F 1-1: SINGLE (Groundball, 34D, EV 100.6 MPH)
|
|
Batting: LHB Roy Hartford
|
0-0: Foul Ball, location: 2F 0-1: Swinging Strike 0-2: Ball 1-2: Ball 2-2: Fielders Choice at 2nd, 6-4 (Groundball, 6, EV 80.6 MPH)
|
| Bottom of the 2nd over - 0 runs, 1 hit, 0 errors, 1 left on base; Oklahoma City 0 - Iowa 0 |
| TOP OF THE 3RD |
|
Oklahoma City 89ers batting - Pitching for Iowa Oaks : RHP Ron G Davis
|
|
Batting: RHB Danny Jasso
|
0-0: Ball 1-0: Ball 2-0: Foul Ball, location: 2F 2-1: Ball 3-1: Called Strike 3-2: SINGLE (Flyball, 9S, EV 93.8 MPH) - OUT at second base trying to stretch hit.
|
|
Batting: RHB David Green
|
0-0: Fly out, F6 (Line Drive, 6, EV 66.3 MPH)
|
|
Batting: RHB Ryan Ricard
|
0-0: Ball 1-0: Ground out 6-3 (Groundball, 6, EV 86.3 MPH)
|
| Top of the 3rd over - 0 runs, 1 hit, 0 errors, 0 left on base; Oklahoma City 0 - Iowa 0 |
| BOTTOM OF THE 3RD |
|
Iowa Oaks batting - Pitching for Oklahoma City 89ers : LHP Jesus Rios
|
|
Batting: RHB Lee Muszynski
|
0-0: Ball 1-0: Called Strike 1-1: Fly out, F7 (Line Drive, 7, EV 93.8 MPH)
|
|
Batting: RHB Thomas Vessey
|
0-0: Foul Ball, location: 2F 0-1: Ball 1-1: Ground out 6-3 (Groundball, 6MD, EV 101.9 MPH)
|
|
Batting: SHB Chico Walker
|
0-0: Called Strike 0-1: Foul Ball, location: 2F 0-2: Foul Ball, location: 2F 0-2: Ball 1-2: Strikes out swinging
|
| Bottom of the 3rd over - 0 runs, 0 hits, 0 errors, 0 left on base; Oklahoma City 0 - Iowa 0 |
| TOP OF THE 4TH |
|
Oklahoma City 89ers batting - Pitching for Iowa Oaks : RHP Ron G Davis
|
|
Batting: LHB Joe Ward
|
0-0: Ball 1-0: Ball 2-0: Ground out U3 (Groundball, 3, EV 85.6 MPH)
|
|
Batting: RHB Dave Valle
|
0-0: Ball 1-0: Called Strike 1-1: Ball 2-1: Fly out, F9 (Flyball, 89S, EV 87.5 MPH)
|
|
Batting: LHB Tom O'Malley
|
0-0: Ball 1-0: Called Strike 1-1: Ball 2-1: Foul Ball, location: 2F 2-2: SINGLE (Line Drive, 89M, EV 90.6 MPH)
|
|
Batting: RHB Barry Bonnell
|
0-0: Called Strike 0-1: Ground out 2-3 (Groundball, 15S, EV 71.9 MPH)
|
| Top of the 4th over - 0 runs, 1 hit, 0 errors, 1 left on base; Oklahoma City 0 - Iowa 0 |
| BOTTOM OF THE 4TH |
|
Iowa Oaks batting - Pitching for Oklahoma City 89ers : LHP Jesus Rios
|
|
Batting: RHB Mark Benson
|
0-0: Ball 1-0: Ball 2-0: Ball 3-0: Called Strike 3-1: Swinging Strike 3-2: Foul Ball, location: 2F 3-2: Foul Ball, location: 2F 3-2: SOLO HOME RUN (Flyball, 7D, EV 96.3 MPH), Distance : 355 ft
|
|
Batting: RHB Nick Pagan
|
0-0: Ball 1-0: Ball 2-0: Ball 3-0: Base on Balls
|
|
Batting: SHB Mike Turgeon
|
0-0: Called Strike 0-1: Ball 1-1: Ball 2-1: Fielders Choice at 2nd, 6-4 (Groundball, 6M, EV 99.4 MPH)
|
|
Batting: RHB Ronald Evans
|
0-0: Ball 1-0: Ball 2-0: Ball 3-0: Called Strike 3-1: Swinging Strike 3-2: Foul Ball, location: 2F 3-2: Strikes out swinging
|
|
Batting: RHB Edgar Flores
|
0-0: Ball 1-0: Foul Ball, location: 2F 1-1: SINGLE (Groundball, 34D, EV 106.9 MPH) Mike Turgeon to second Mike Turgeon to third
|
|
Batting: LHB Roy Hartford
|
0-0: Foul Ball, location: 2F 0-1: Ball 1-1: Fly out, F6 (Line Drive, 6, EV 65.6 MPH)
|
| Bottom of the 4th over - 1 run, 2 hits, 0 errors, 2 left on base; Oklahoma City 0 - Iowa 1 |
| TOP OF THE 5TH |
|
Oklahoma City 89ers batting - Pitching for Iowa Oaks : RHP Ron G Davis
|
|
Batting: RHB Nick Esasky
|
0-0: Ball 1-0: Called Strike 1-1: Ball 2-1: Ball 3-1: Called Strike 3-2: Base on Balls
|
|
Batting: RHB Ron Tingley
|
0-0: Bunt missed! 0-1: Ball 1-1: Bunted foul 1-2: Foul Ball, location: 2F 1-2: Fly out, F8 (Flyball, 8RXD, EV 91.9 MPH)
|
|
Batting: RHB Danny Jasso
|
0-0: Ball 1-0: Foul Ball, location: 2F 1-1: Fielders Choice at 2nd, 6-4 (Groundball, 56D, EV 105.0 MPH)
|
|
Batting: RHB David Green
|
0-0: Ball 1-0: Swinging Strike 1-1: Ball 2-1: Fielders Choice at 2nd, 5-4 (Groundball, 5L, EV 82.5 MPH)
|
| Top of the 5th over - 0 runs, 0 hits, 0 errors, 1 left on base; Oklahoma City 0 - Iowa 1 |
| BOTTOM OF THE 5TH |
|
Iowa Oaks batting - Pitching for Oklahoma City 89ers : LHP Jesus Rios
|
|
Batting: RHB Lee Muszynski
|
0-0: Ball 1-0: Ball 2-0: Swinging Strike 2-1: Foul Ball, location: 2F 2-2: Ball 3-2: Ground out 4-3 (Groundball, 4, EV 96.9 MPH)
|
|
Batting: RHB Thomas Vessey
|
0-0: Ball 1-0: Called Strike 1-1: Swinging Strike 1-2: SINGLE (Groundball, 5D, EV 97.5 MPH)
|
|
Batting: SHB Chico Walker
|
0-0: Ball 1-0: Called Strike 1-1: Foul Ball, location: 2F 1-2: Strikes out swinging
|
|
Batting: RHB Mark Benson
|
0-0: Ball 1-0: Foul Ball, location: 2F 1-1: DOUBLE (Line Drive, 89D, EV 103.8 MPH) Thomas Vessey to third Runner from 3rd tries for Home, SAFE, no throw by CF
|
|
Batting: RHB Nick Pagan
|
0-0: Intentional Walk
|
|
Batting: SHB Mike Turgeon
|
0-0: Swinging Strike 0-1: Ball 1-1: DOUBLE (Line Drive, 8RXD, EV 108.1 MPH) Mark Benson scores Nick Pagan to third Runner from 3rd tries for Home, SAFE, no throw by CF
|
|
Batting: RHB Ronald Evans
|
0-0: Ground out 4-3 (Groundball, 4, EV 78.1 MPH)
|
| Bottom of the 5th over - 3 runs, 3 hits, 0 errors, 1 left on base; Oklahoma City 0 - Iowa 4 |
| TOP OF THE 6TH |
|
Oklahoma City 89ers batting - Pitching for Iowa Oaks : RHP Ron G Davis
|
|
Batting: RHB Ryan Ricard
|
0-0: Called Strike 0-1: Ball 1-1: Foul Ball, location: 2F 1-2: Foul Ball, location: 2F 1-2: Fly out, F7 (Flyball, 78D, EV 75.6 MPH)
|
|
Batting: LHB Joe Ward
|
0-0: Called Strike 0-1: Called Strike 0-2: Fly out, F8 (Flyball, 8RM, EV 93.8 MPH)
|
|
Batting: RHB Dave Valle
|
0-0: Foul Ball, location: 2F 0-1: Fly out, F7 (Flyball, 7D, EV 92.5 MPH)
|
| Top of the 6th over - 0 runs, 0 hits, 0 errors, 0 left on base; Oklahoma City 0 - Iowa 4 |
| BOTTOM OF THE 6TH |
|
Iowa Oaks batting - Pitching for Oklahoma City 89ers : LHP Jesus Rios
|
|
Batting: RHB Edgar Flores
|
0-0: Ball 1-0: Ball 2-0: Foul Ball, location: 2F 2-1: Ball 3-1: Ground out 6-3 (Groundball, 6, EV 81.3 MPH)
|
|
Batting: LHB Roy Hartford
|
0-0: Foul Ball, location: 2F 0-1: Foul Ball, location: 2F 0-2: Ground out 5-3 (Groundball, 5, EV 86.3 MPH)
|
|
Batting: RHB Lee Muszynski
|
0-0: Foul Ball, location: 2F 0-1: Swinging Strike 0-2: Strikes out looking
|
| Bottom of the 6th over - 0 runs, 0 hits, 0 errors, 0 left on base; Oklahoma City 0 - Iowa 4 |
| TOP OF THE 7TH |
|
Oklahoma City 89ers batting - Pitching for Iowa Oaks : RHP Ron G Davis
|
|
Batting: LHB Tom O'Malley
|
0-0: Called Strike 0-1: Foul Ball, location: 2F 0-2: Foul Ball, location: 2F 0-2: Ball 1-2: Foul Ball, location: 2F 1-2: Ball 2-2: Foul Ball, location: 2F 2-2: Foul Ball, location: 2F 2-2: Ground out 4-3 (Groundball, 4S, EV 87.5 MPH)
|
|
Batting: RHB Barry Bonnell
|
0-0: Ball 1-0: Foul Ball, location: 2F 1-1: Foul Ball, location: 2F 1-2: Ball 2-2: Foul Ball, location: 2F 2-2: Fly out, F3 (Flyball, 3D, EV 90.0 MPH)
|
|
Batting: RHB Nick Esasky
|
0-0: Called Strike 0-1: Called Strike 0-2: Ball 1-2: Foul Ball, location: 2F 1-2: SINGLE (Line Drive, 56, EV 94.4 MPH)
|
|
Batting: RHB Ron Tingley
|
0-0: Called Strike 0-1: Fly out, F9 (Line Drive, 9D, EV 93.8 MPH)
|
| Top of the 7th over - 0 runs, 1 hit, 0 errors, 1 left on base; Oklahoma City 0 - Iowa 4 |
| BOTTOM OF THE 7TH |
|
Iowa Oaks batting - Pitching for Oklahoma City 89ers : LHP Jesus Rios
|
|
Batting: RHB Thomas Vessey
|
0-0: Called Strike 0-1: TRIPLE (Line Drive, 78XD, EV 101.3 MPH)
|
|
Batting: SHB Chico Walker
|
0-0: Swinging Strike 0-1: Foul Ball, location: 2F 0-2: Fly out, F8 (Flyball, 89M, EV 90.0 MPH) Runner from 3rd tags up, SCORES, throw by CF
|
|
Pitching: RHP Alex Gorgie
|
|
|
Batting: RHB Mark Benson
|
0-0: Swinging Strike 0-1: Ball 1-1: Swinging Strike 1-2: Ball 2-2: DOUBLE (Line Drive, 9LS, EV 111.9 MPH)
|
|
Batting: RHB Nick Pagan
|
0-0: Called Strike 0-1: Fly out, F3 (Popup, 34, EV 71.9 MPH)
|
|
Batting: SHB Mike Turgeon
|
0-0: Ball Wild Pitch! Mark Benson to third 1-0: Foul Ball, location: 2F 1-1: Ball 2-1: Foul Ball, location: 2F 2-2: Ball 3-2: Strikes out swinging
|
| Bottom of the 7th over - 1 run, 2 hits, 0 errors, 1 left on base; Oklahoma City 0 - Iowa 5 |
| TOP OF THE 8TH |
|
Oklahoma City 89ers batting - Pitching for Iowa Oaks : RHP Ron G Davis
|
|
Batting: RHB Danny Jasso
|
0-0: Ball 1-0: Called Strike 1-1: Fly out, F4 (Popup, 4S, EV 68.1 MPH)
|
|
Batting: RHB David Green
|
0-0: Called Strike 0-1: Ball 1-1: DOUBLE (Line Drive, 8LXD, EV 104.4 MPH)
|
|
Batting: RHB Ryan Ricard
|
0-0: Foul Ball, location: 2F 0-1: Swinging Strike 0-2: Hit by Pitch
|
|
Batting: LHB Joe Ward
|
0-0: Foul Ball, location: 2F 0-1: Ball 1-1: Swinging Strike 1-2: SINGLE (Line Drive, 4D, EV 95.6 MPH) David Green to third Ryan Ricard to second Runner from 3rd tries for Home, throw by CF and OUT! 8-2
|
|
Batting: RHB Dave Valle
|
0-0: Ball 1-0: Swinging Strike 1-1: Foul Ball, location: 2F 1-2: Ball 2-2: Ball 3-2: Foul Ball, location: 2F 3-2: Fly out, F8 (Flyball, 78M, EV 90.0 MPH)
|
| Top of the 8th over - 0 runs, 2 hits, 0 errors, 2 left on base; Oklahoma City 0 - Iowa 5 |
| BOTTOM OF THE 8TH |
|
Iowa Oaks batting - Pitching for Oklahoma City 89ers : RHP Alex Gorgie
|
|
Batting: RHB Ronald Evans
|
0-0: Called Strike 0-1: Fly out, F8 (Flyball, 8RM, EV 83.1 MPH)
|
|
Batting: RHB Edgar Flores
|
0-0: Ball 1-0: Ball 2-0: SINGLE (Groundball, 4MD, EV 106.9 MPH)
|
|
Batting: LHB Roy Hartford
|
0-0: Called Strike Edgar Flores steals 2nd base 0-1: Ground out 4-3 (Groundball, 34D, EV 103.1 MPH) Edgar Flores to third
|
|
Batting: RHB Lee Muszynski
|
0-0: Foul Ball, location: 2F 0-1: Ball 1-1: Swinging Strike 1-2: Strikes out swinging
|
| Bottom of the 8th over - 0 runs, 1 hit, 0 errors, 1 left on base; Oklahoma City 0 - Iowa 5 |
| TOP OF THE 9TH |
|
Oklahoma City 89ers batting - Pitching for Iowa Oaks : RHP Ron G Davis
|
|
Pitching: RHP Cristian Martinez
|
|
|
Batting: LHB Tom O'Malley
|
0-0: Ball 1-0: Foul Ball, location: 2F 1-1: Called Strike 1-2: Foul Ball, location: 2F 1-2: Ball 2-2: Foul Ball, location: 2F 2-2: Ball 3-2: Base on Balls
|
|
Batting: RHB Barry Bonnell
|
0-0: Called Strike 0-1: Foul Ball, location: 2F 0-2: Ball 1-2: Strikes out swinging
|
|
Batting: RHB Nick Esasky
|
0-0: Foul Ball, location: 2F 0-1: Foul Ball, location: 2F 0-2: Ball 1-2: Strikes out swinging
|
|
Batting: RHB Ron Tingley
|
0-0: Swinging Strike 0-1: Ball 1-1: Foul Ball, location: 2F 1-2: Foul Ball, location: 2F 1-2: Strikes out swinging
|
| Top of the 9th over - 0 runs, 0 hits, 0 errors, 1 left on base; Oklahoma City 0 - Iowa 5 |
|